 Dungeon Crawl Stone Soup version 0.17-a0-2014-g32cd421 (webtiles) character file.

4625 graki42 the Thaumaturge (level 10, -3/52 HPs)
             Began as a Deep Elf Fire Elementalist on Oct 9, 2015.
             Was a Follower of Vehumet.
             Shot with a sling bullet by Joseph (15 damage)
             ... on level 9 of the Dungeon.
             The game lasted 00:50:22 (9599 turns).

graki42 the Thaumaturge (DEFE)                      Turns: 9599, Time: 00:50:23

Health: -3/52      AC: 15    Str:  8    XL:     10   Next: 19%
Magic:  12/27      EV: 15    Int: 24    God:    Vehumet [*.....]
Gold:   198        SH:  0    Dex: 15    Spells: 5 memorised, 15 levels left

rFire  . . .     SeeInvis .     P - +0 mace (protect)
rCold  . . .     Clarity  .     v - +0 robe {MR+}
rNeg   . . .     SustAt   .     (no shield)
rPois  .         Gourm    .     C - +1 helmet {Int+3}
rElec  .         Spirit   .     (no cloak)
rCorr  +         Warding  .     r - +1 pair of gloves
rMut   .         Stasis   .     (no boots)
MR     ++...                    K - amulet of resist corrosion
Stlth  ++++......               G - ring of stealth
                                s - +4 ring of protection

@: very resistant to hostile enchantments, stealthy
A: no striking features
a: Renounce Religion


You were on level 9 of the Dungeon.
You worshipped Vehumet.
Vehumet was aware of your devotion.
You were hungry.

You visited 1 branch of the dungeon, and saw 10 of its levels.

You collected 445 gold pieces.
You spent 247 gold pieces at shops.

Inventory:

Hand Weapons
 P - a +0 mace of protection (weapon)
Armour
 a - a +0 robe
 r - a +1 pair of gloves (worn)
 v - a +0 robe of magic resistance (worn)
 y - a +0 robe of positive energy
 C - a +1 helmet of intelligence (worn)
Jewellery
 s - a +4 ring of protection (left hand)
 A - an uncursed ring of invisibility
 G - a ring of stealth (right hand)
 K - an amulet of resist corrosion (around neck)
Wands
 D - a wand of flame (28)
 E - a wand of draining (7)
 F - a wand of digging (14)
 H - a wand of teleportation (2)
 N - a wand of draining (3)
 O - a wand of flame (34)
Scrolls
 d - a scroll of holy word {unknown}
 f - 4 scrolls of fog {unknown}
 g - a scroll of amnesia {unknown}
 j - 5 scrolls of enchant armour
 m - 7 scrolls of remove curse
 n - a scroll of immolation {unknown}
 o - 2 scrolls of enchant weapon {unknown}
 t - 3 scrolls of teleportation {unknown}
 w - a scroll of noise {unknown}
 I - a scroll of recharging {unknown}
 J - a scroll of identify
Potions
 e - a potion of heal wounds
 k - 3 potions of curing
 l - a potion of haste
 x - a potion of might
 z - a potion of lignification
 B - a potion of flight
 M - 2 potions of cancellation {unknown}
Books
 b - a book of Flames

   Spells                             Type                      Level
   a - Flame Tongue                   Conjuration/Fire             1
   b - Throw Flame                    Conjuration/Fire             2
   c - Conjure Flame                  Conjuration/Fire             3
   d - Inner Flame                    Hexes/Fire                   3
   e - Sticky Flame                   Conjuration/Fire             4
   f - Fireball                       Conjuration/Fire             5
Comestibles
 c - 11 bread rations
 h - 17 fruits
 i - 4 beef jerkies
 p - 4 meat rations
 q - 2 royal jellies
 u - a slice of pizza


   Skills:
 + Level 1.3 Fighting
   Level 0.4 Staves
 + Level 5.2 Dodging
 + Level 5.2 Stealth
 + Level 11.3 Spellcasting
 + Level 7.8 Conjurations
 + Level 2.7 Hexes
 + Level 9.2 Fire Magic


You had 15 spell levels left.
You knew the following spells:

 Your Spells              Type           Power        Failure   Level  Hunger
a - Flame Tongue          Conj/Fire      #####        1%          1    None
b - Conjure Flame         Conj/Fire      ######..     1%          3    None
c - Inner Flame           Hex/Fire       #####...     1%          3    None
d - Sticky Flame          Conj/Fire      ######..     1%          4    None
e - Fireball              Conj/Fire      ######....   4%          5    ####...


Dungeon Overview and Level Annotations

Branches:
Dungeon (10/15)            Temple (0/1) D:7
   Lair: D:8-11         Orc: D:9-12

Altars:
Dithmenos
Elyvilon
Fedhas
Gozag
Nemelex Xobeh
Okawaru
Ru
Vehumet
Yredelemnul
Zin
The Shining One

Shops:
D:5 [}

Annotations:
D:6 exclusion: statue
D:8 Erica, Gastronok
D:9 Joseph


Message History

Confirm with . or Enter, or press ? or * to list all spells.
Aiming: Flame Tongue
Press: ? - help, Shift-Dir - straight line, f/p - Joseph
Aim: Joseph, wielding a hunting sling of flaming and wearing a ring mail (heavily wounded)
The flame tongue hits the wyvern.
You kill the wyvern!
Vehumet accepts your kill.
Joseph tries to grin evilly.
Joseph shoots a sling bullet.
The sling bullet hits you! The sling bullet burns you.
* * * LOW HITPOINT WARNING * * *
Casting: Flame Tongue
Confirm with . or Enter, or press ? or * to list all spells.
Aiming: Fireball
Press: ? - help, Shift-Dir - straight line, f/p - Joseph
Aim: Joseph, wielding a hunting sling of flaming and wearing a ring mail (heavily wounded)
The fireball explodes!
The fireball engulfs Joseph.
Joseph is heavily wounded.
Joseph shoots a sling bullet.
The sling bullet hits you!
You die...

.#....#.....#
.#....#.....# ###
.#............ ... ..#
.....#..... .. ... ..
....##.....# .... ..
.#.##..#.#..##.# .##
##....##.##....# ...#
#..#.##...##.#..##...#
}.##.........##.@....#
.##..#.....#..##†#...#####
....##.....##..(@##......#
.#.##..#.#..##.#.%##.....#
##....##.##....##((......#
#....##...##....##.......#
.........................#
#....##...##....##.......#
##....##.##..[.##........#


You could see Joseph.

Vanquished Creatures
  An oklob plant (D:6)
  A troll (D:9)
  Prince Ribbit (D:9)
  A spriggan (D:7)
  A wyvern (D:9)
  2 humans (D:8)
  2 hungry ghosts
  An orc warrior (D:8)
  2 ogres
  A black bear (D:6)
  An ice beast (D:8)
  6 centaurs
  A phantom (D:7)
  3 giant frogs (D:7)
  A gnoll sergeant (D:9)
  3 scorpions
  2 water moccasin skeletons
  A giant frog zombie (D:7)
  2 hounds
  A quasit (D:8)
  6 orc priests
  3 jellies
  2 centaur skeletons
  22 orc wizards
  2 giant frog skeletons
  3 worker ants
  2 iguanas
  A hound skeleton (D:4)
  3 worker ant zombies (D:9)
  Robin (D:3)
  4 gnolls (D:9)
  9 adders
  A shadow imp (D:5)
  2 oozes (D:1)
  An adder skeleton (D:8)
  2 worms
  34 orcs
  4 bats
  7 giant cockroaches
  16 goblins
  7 hobgoblins
  4 quokkas
  6 giant geckos
  5 giant newts
  7 jackals
  A jackal zombie (D:6)
  7 kobolds
  9 rats
  4 plants (D:6)
209 creatures vanquished.

Notes
Turn   | Place    | Note
--------------------------------------------------------------
     0 | D:1      | graki42 the Deep Elf Fire Elementalist began the quest for the Orb.
     0 | D:1      | Reached XP level 1. HP: 10/10 MP: 6/6
   257 | D:1      | Reached XP level 2. HP: 6/15 MP: 1/8
   543 | D:1      | Reached skill level 4 in Fire Magic
   613 | D:1      | Reached XP level 3. HP: 19/19 MP: 8/10
  1258 | D:2      | Found a shadowy altar of Dithmenos.
  1529 | D:2      | Reached XP level 4. HP: 24/24 MP: 10/12
  1616 | D:2      | Learned a level 3 spell: Conjure Flame
  1620 | D:2      | Learned a level 3 spell: Inner Flame
  1919 | D:3      | Found a shadowy altar of Dithmenos.
  2064 | D:3      | Noticed Robin
  2067 | D:3      | Killed Robin
  2209 | D:3      | Reached XP level 5. HP: 19/28 MP: 3/14
  2571 | D:3      | Reached skill level 5 in Spellcasting
  2814 | D:3      | Found an opulent altar of Gozag.
  2913 | D:4      | Reached skill level 5 in Fire Magic
  2913 | D:4      | Reached XP level 6. HP: 30/32 MP: 1/16
  3461 | D:4      | Reached skill level 6 in Spellcasting
  3572 | D:4      | Reached XP level 7. HP: 32/36 MP: 14/18
  3660 | D:4      | Learned a level 4 spell: Sticky Flame
  3830 | D:4      | Found a glowing golden altar of the Shining One.
  4079 | D:5      | Entered Level 5 of the Dungeon
  4098 | D:5      | Found Ruoplag's Quality Used Wands.
  4173 | D:5      | Found a glowing silver altar of Zin.
  4281 | D:5      | Reached skill level 7 in Spellcasting
  4646 | D:5      | Found Puegruh's Antique Armour Emporium.
  4659 | D:5      | Bought a glowing robe for 18 gold pieces
  4689 | D:5      | Bought a glowing hat for 108 gold pieces
  4694 | D:5      | Bought a shiny helmet for 121 gold pieces
  4745 | D:5      | Reached skill level 1 in Hexes
  5012 | D:5      | Reached XP level 8. HP: 41/41 MP: 15/20
  5114 | D:5      | Reached skill level 5 in Conjurations
  5223 | D:6      | Found a basalt altar of Yredelemnul.
  5497 | D:6      | Found a sacrificial altar of Ru.
  5515 | D:6      | Found a blossoming altar of Fedhas.
  5529 | D:6      | Noticed an oklob plant
  5559 | D:6      | Found a white marble altar of Elyvilon.
  5602 | D:6      | Found a radiant altar of Vehumet.
  5622 | D:6      | Became a worshipper of Vehumet
  5856 | D:6      | Reached skill level 8 in Spellcasting
  5986 | D:6      | Killed an oklob plant
  5986 | D:6      | Reached skill level 1 in Fighting
  6207 | D:7      | Found a staircase to the Ecumenical Temple.
  6437 | D:7      | Reached XP level 9. HP: 47/47 MP: 13/23
  6448 | D:7      | Reached skill level 9 in Spellcasting
  6863 | D:7      | Acquired Vehumet's first power
  6863 | D:7      | Offered knowledge of Sting by Vehumet.
  7076 | D:7      | Found a sparkling altar of Nemelex Xobeh.
  7083 | D:7      | Reached skill level 5 in Stealth
  7436 | D:7      | Reached skill level 10 in Spellcasting
  7931 | D:8      | Noticed Erica
  7940 | D:7      | Learned a level 5 spell: Fireball
  8345 | D:8      | Found an iron altar of Okawaru.
  8360 | D:8      | Reached skill level 5 in Dodging
  8467 | D:8      | Noticed Gastronok
  9167 | D:9      | Noticed Prince Ribbit
  9170 | D:9      | Killed Prince Ribbit
  9170 | D:9      | Reached XP level 10. HP: 52/52 MP: 15/26
  9267 | D:9      | Reached skill level 11 in Spellcasting
  9279 | D:10     | Entered Level 10 of the Dungeon
  9578 | D:9      | Noticed Joseph
  9599 | D:9      | Shot with a sling bullet by Joseph

Vault maps used:
D:1:      dpeg_arrival_court, minmay_misc_feat_columns
D:2:      first_bread, serial_bayou_pond_a, grunt_dithmenos_smoke
D:3:      nicolae_gozag_cash_rules_everything_around_me, lemuel_crystal_altar,
          kennysheep_cluttered_room, uniq_robin
D:4:      nicolae_tso_carved_into_rock
D:5:      lemuel_coloured_pillars_altar, serial_shops, shop_statue,
          nicolae_for_you_no_charge
D:6:      black_bear_nest_2, nicolae_ru_path_of_blood, vehumet_statue,
          tgw_fedhas, nicolae_overflow_crystal_walls, yredelemnul_altar_generic
D:7:      kennysheep_mini_moat, minmay_temple_entry_grid, the_bakery
D:8:      tgw_sif, okawaru_humans, uniq_gastronok, uniq_erica
D:9:      lair_0_dummy, orc_0_dummy, nicolae_wwwww, uniq_prince_ribbit1,
          uniq_joseph
D:10:     minivault_27, spider_trap

Action                   |  1- 3 |  4- 6 |  7- 9 | 10-12 || total
-------------------------+-------+-------+-------+-------++-------
Melee: Unarmed           |       |       |     2 |       ||     2
       Quarterstaff      |       |       |   128 |       ||   128
 Cast: Flame Tongue      |    76 |   116 |   212 |    28 ||   432
       Conjure Flame     |       |     6 |    13 |     3 ||    22
       Inner Flame       |       |     2 |    12 |       ||    14
       Sticky Flame      |       |       |    28 |     3 ||    31
       Fireball          |       |       |    10 |     7 ||    17
  Use: Scroll            |       |       |    10 |       ||    10
       Potion            |       |       |     1 |       ||     1
 Stab: Sleeping          |       |       |     5 |       ||     5
  Eat: Chunk             |     1 |     6 |    20 |     8 ||    35
       Fruit             |       |     1 |     2 |       ||     3
